 Dungeon Crawl Stone Soup version bcrawl-1.12-8-g964540c432 (webtiles) character file.

Game seed: 9536478933436295952

177176 EnegeticOcto the Severer (level 17, -3/156 HPs)
             Began as a Minotaur Sloth Apostle on June 9, 2019.
             Was a Priest of Cheibriados.
             Slain by a frost giant
             ... wielding a +2 battleaxe of freezing
              (19 damage)
             ... on level 3 of the Shoals.
             The game lasted 00:23:51 (30110 turns).

EnegeticOcto the Severer (Minotaur Sloth Apostle)  Turns: 30110, Time: 00:23:51

Health: -3/156     AC: 24    Str: 25    XL:     17   Next: 25%
Magic:  25/25      EV: 17    Int: 13    God:    Cheibriados [***...]
Gold:   625        SH:  0    Dex: 20    Spells: 18/18 levels left

rFire    + . .     SeeInvis .   y - +8 frozen axe "Frostbite" {freezing cloud, *Noise +Fly rC+}
rCold    + + +     Gourm    .   (shield currently unavailable)
rNeg     . . .     Faith    .   j - +0 plate armour {rF+}
rPois    +         Spirit   .   i - +2 hat
rElec    +         Reflect  .   n - +1 cloak {MR+}
rCorr    +         Harm     .   K - +0 pair of gloves "Uzxulyd" {rC++ rCorr Str-3 Slay+2}
MR       ++...                  b - +0 pair of boots
Stlth    ..........             J - amulet "Ymnuirri" {RegenMP rElec rC+ Int-3}
HPRegen  0.36/turn              x - ring of poison resistance
MPRegen  0.44/turn              r - ring of protection from cold

@: very slow
A: retaliatory headbutt, horns 2
}: 1/15 runes: gossamer
a: Bend Time, Temporal Distortion, Renounce Religion, Evoke Flight


You were on level 3 of the Shoals.
You worshipped Cheibriados.
Cheibriados was most pleased with you.
You were full.

You visited 5 branches of the dungeon, and saw 25 of its levels.

You collected 2280 gold pieces.
You spent 1655 gold pieces at shops.

Inventory:

Hand Weapons
 v - a +5 battleaxe of venom
 y - the +8 frozen axe "Frostbite" (weapon) {freezing cloud, *Noise +Fly rC+}
   (You bought it in a shop in the Orcish Mines)

   It has been specially enchanted to freeze those struck by it, causing extra
   injury to most foes and up to half again as much damage against particularly
   susceptible opponents.
   It can also slow down cold-blooded creatures.
   It protects you from cold.
   It lets you fly.
   It may make noises in combat.
Missiles
 L - 2 throwing nets (quivered) {!f!f}
Armour
 b - a +0 pair of boots (worn)
 i - a +2 hat (worn)
 j - a +0 plate armour of fire resistance (worn)
 n - a +1 cloak of magic resistance (worn)
 K - the +0 pair of gloves "Uzxulyd" (worn) {rC++ rCorr Str-3 Slay+2}
   (You acquired it on level 1 of the Spider Nest)

   It affects your strength (-3).
   It affects your accuracy and damage with ranged weapons and melee attacks
   (+2).
   It greatly protects you from cold.
   It provides partial protection from all sources of acid and corrosion.
Jewellery
 f - an uncursed ring of see invisible
 r - a ring of protection from cold (right hand)
 x - a ring of poison resistance (left hand)
 J - the amulet "Ymnuirri" (around neck) {RegenMP rElec rC+ Int-3}
   (You bought it in a shop in the Orcish Mines)

   [amulet of magic regeneration]

   It increases your magic regeneration.
   It affects your intelligence (-3).
   It protects you from cold.
   It insulates you from electricity.
 N - an uncursed ring of resist corrosion
 P - an uncursed amulet of regeneration
Wands
 d - a wand of paralysis (28)
 h - a wand of enslavement (23)
 o - a wand of digging (3)
 z - a wand of polymorph (8)
 F - a wand of acid (4)
Scrolls
 a - 2 scrolls of fog {!r}
 c - 3 scrolls of identify {@r1}
 k - 4 scrolls of fear {!r}
 q - 6 scrolls of remove curse {@r2}
 s - 2 scrolls of blinking {@r4}
 t - 6 scrolls of enchant weapon
 w - 9 scrolls of teleportation {@r3 !r}
 M - a scroll of torment
Potions
 g - 5 potions of magic
 l - 3 potions of cancellation
 m - 4 potions of ambrosia
 p - 4 potions of agility {@q5 !q}
 u - 4 potions of brilliance
 B - a potion of resistance
 C - 2 potions of lignification {@q6}
 D - 4 potions of curing {@q1 !q}
 E - 4 potions of berserk rage
 H - 2 potions of might {@q3 !q}
 O - 2 potions of mutation
Miscellaneous
 G - a box of beasts
 I - a sack of spiders
Comestibles
 e - 46 rations {!d}


   Skills:
 + Level 15.2 Fighting
 * Level 20.4 Axes
 + Level 15.0 Armour
 + Level 13.9 Dodging
 - Level 2.6 Stealth
   Level 6.6 Shields
 - Level 1.0 Spellcasting
   Level 0.5 Hexes
 + Level 12.0 Invocations
 - Level 0.8 Evocations


You had 18 spell levels left.
You didn't know any spells.
Your spell library contained the following spells:

 Spells                   Type           Power        Failure   Level  Hunger
 Animate Skeleton         Necr           N/A          90%         1    ##.....
 Beastly Appendage        Tmut           #.....       90%         1    ##.....
 Blink Other              Tloc           #.....       90%         1    ##.....
 Infusion                 Chrm           #.......     90%         1    ##.....
 Pain                     Necr           #...         90%         1    ##.....
 Shock                    Conj/Air       #...         90%         1    ##.....
 Blink                    Tloc           N/A          97%         2    ###....
 Song of Slaying          Chrm           #.......     97%         2    ###....
 Sticks to Snakes         Tmut           #.......     97%         2    ###....
 Swiftness                Chrm/Air       #.......     97%         2    ###....
 Ozocubu's Armour         Chrm/Ice       #.......     99%         3    ####...
 Portal Projectile        Tloc           #.....       99%         3    ####...
 Regeneration             Chrm/Necr      #.........   99%         3    ####...
 Spectral Weapon          Hex/Chrm       #.......     99%         3    ####...
 Spider Form              Tmut/Pois      #.........   99%         3    ####...
 Static Discharge         Conj/Air       #.......     99%         3    ####...
 Teleport Other           Tloc           #.......     99%         3    ####...
 Vampiric Draining        Necr           #.........   99%         3    ####...
 Airstrike                Air            #.........   100%        4    #####..
 Animate Dead             Necr           N/A          100%        4    #####..
 Ice Form                 Ice/Tmut       #.......     100%        4    #####..
 Blade Hands              Tmut           #.........   100%        5    ######.
 Bolt of Draining         Conj/Necr      #.........   100%        5    ######.
 Lightning Bolt           Conj/Air       #.........   100%        5    ######.
 Passage of Golubria      Tloc           N/A          100%        5    ######.


Dungeon Overview and Level Annotations

Branches:
Dungeon (12/12)            Temple (0/1) D:5            Lair (6/6) D:7
 Shoals (3/3) Lair:3       Spider (3/3) Lair:4        Slime (0/5) Lair:6
    Orc (1/1) D:10            Elf (0/3) Orc          Vaults (0/3) D:12
 Depths (0/5) D:12

Altars:
Cheibriados
Hepliaklqana
Kikubaaqudgha
Lugonu
Nemelex Xobeh
Qazlal
Sif Muna
Uskayaw
Vehumet
Wu Jian
Jiyva

Shops:
D:10 =   D:11 !   Orc *(*=[

Annotations:
D:3 1 runed translucent door, Banto's ghost, amateur DWRg
Lair:3 2 runed translucent doors, MisterOstroum's ghost, journeyman FoAc
Lair:5 1 runed translucent door, Hairutzoic's ghost, journeyman MiBe
Lair:6 1 runed door


Innate Abilities, Weirdness & Mutations

You reflexively headbutt those who attack you in melee.
You have a pair of horns on your head.


Message History

The merfolk javelineer is moderately wounded.
The merfolk javelineer throws a javelin of penetration.
The javelin of penetration misses you.
You slice the merfolk javelineer!! You freeze the merfolk javelineer!
The merfolk javelineer is almost dead.
The merfolk javelineer is engulfed in freezing vapours.
The merfolk javelineer throws a javelin of penetration.
The javelin of penetration pierces through you but does no damage.
You slash the merfolk javelineer! You freeze the merfolk javelineer.
You kill the merfolk javelineer!
Cheibriados appreciates the change of pace.
You start resting.
The merfolk impaler is too close now for your liking.
A merfolk impaler is nearby!
The merfolk impaler shouts!
Evoke which item? (* to show all) (? for menu, Esc to quit)
That's the wrong kind of item! (Use * to select it.) Evoke which item? (* to show all) (? for menu, Esc to quit)
Okay, then.
Evoke which item? (* to show all) (? for menu, Esc to quit)
Aiming: Corrosive Bolt
Press: ? - help, Shift-Dir - straight line, f - merfolk impaler
Aim: a merfolk impaler, wielding a +0 demon trident of freezing and wearing a cursed +0 robe
Okay, then.
Evoke which item? (* to show all) (? for menu, Esc to quit)
That's the wrong kind of item! (Use * to select it.) Evoke which item? (* to show all) (? for menu, Esc to quit)
Aiming: Corrosive Bolt
Press: ? - help, Shift-Dir - straight line, f - merfolk impaler
Aim: a merfolk impaler, wielding a +0 demon trident of freezing and wearing a cursed +0 robe The bolt of acid hits the merfolk impaler.
The merfolk impaler is splashed with acid.
The merfolk impaler is lightly wounded.
Evoke which item? (* to show all) (? for menu, Esc to quit)
That's the wrong kind of item! (Use * to select it.) Evoke which item? (* to show all) (? for menu, Esc to quit)
Aiming: Corrosive Bolt
Press: ? - help, Shift-Dir - straight line, f/p - merfolk impaler
Aim: a merfolk impaler, wielding a +0 demon trident of freezing and wearing a cursed +0 robe (lightly wounded)
The bolt of acid hits the merfolk impaler.
The merfolk impaler is splashed with acid.
The merfolk impaler is moderately wounded.
The frost giant gestures at you while chanting.
The freezing blast explodes!
The freezing blast engulfs you! You resist.
You warp the flow of time around you!
You feel somewhat less full.
You hit the frost giant. You headbutt the frost giant!
The frost giant is lightly wounded.
The frost giant hits you with a +2 battleaxe of freezing!
* * * LOW HITPOINT WARNING * * *
You slice the frost giant!! You freeze the frost giant.
You headbutt the frost giant.
The frost giant is moderately wounded.
The merfolk impaler hits you but does no damage.
The frost giant hits you with a +2 battleaxe of freezing!!
* * * LOW HITPOINT WARNING * * *
The merfolk impaler completely misses you.
You furiously retaliate!
You headbutt the merfolk impaler!
The merfolk impaler hits you with a +0 demon trident of freezing.
* * * LOW HITPOINT WARNING * * *
The frost giant barely misses you. You furiously retaliate!
You headbutt the frost giant.
The merfolk impaler hits you but does no damage.
Really quaff
D - 5 potions of curing {@q1 !q}?
You feel better. The merfolk impaler barely misses you.
Your plate armour prevents you from hitting the frost giant.
The frost giant is moderately wounded.
You carve the merfolk impaler like a ham!!!
You freeze the merfolk impaler! The frost giant completely misses you.
You furiously retaliate!
You headbutt the frost giant! The merfolk impaler barely misses you.
You hit the frost giant.
The frost giant is heavily wounded.
You closely miss the merfolk impaler.
The merfolk impaler hits you but does no damage.
The frost giant is engulfed in freezing vapours.
The frost giant completely misses you. The merfolk impaler misses you.
You slash the frost giant! You headbutt the frost giant.
The frost giant is severely wounded.
You barely miss the merfolk impaler.
You hear ice cracking.
You hear a shout!
The merfolk impaler hits you but does no damage.
The frost giant is engulfed in freezing vapours.
The frost giant hits you with a +2 battleaxe of freezing!
* * * LOW HITPOINT WARNING * * *
You hit the frost giant but do no damage.
The frost giant is severely wounded.
You slice the merfolk impaler!! You freeze the merfolk impaler.
You kill the merfolk impaler!
Cheibriados appreciates the change of pace.
You hit the frost giant.
You headbutt the frost giant, but do no damage.
The frost giant is severely wounded.
The frost giant is engulfed in freezing vapours.
The frost giant casts a spell at you. The bolt of cold misses you.
You slice the frost giant!! You freeze the frost giant.
The frost giant is almost dead.
The frost giant hits you with a +2 battleaxe of freezing!!
You die...

.##mmm≈≈m≈#≈..............≈P≈P≈≈
.# #m#H#≈≈#≈..............≈≈≈≈≈#
.# mm ≈≈ #≈.............≈≈≈≈# .#
m#≈ ≈≈ #≈≈≈...^.......≈≈≈# .##
.≈≈ ≈##≈≈≈≈.%........≈≈≈## .≈## #
#≈##≈≈≈≈≈..........≈≈≈≈# ...#
#####≈≈≈≈≈†.)......≈≈)≈≈#
...###...#≈....§.).....≈≈≈≈≈≈#
.....m.....)....@.)...≈≈≈≈≈≈≈###
............)...C...≈.≈≈≈≈≈≈≈≈≈#
................))≈≈≈≈≈≈≈≈≈≈≈≈≈##
...≈............≈.≈≈≈≈≈≈≈≈≈≈≈≈≈≈≈
≈≈≈≈≈≈≈≈≈≈≈..≈≈≈≈≈≈≈≈≈≈≈≈≈.......
≈≈≈≈≈≈≈≈≈≈≈≈≈≈≈≈..≈≈≈≈≈≈≈........
..≈≈≈≈≈≈≈≈≈≈≈≈≈.##≈≈≈≈≈≈≈≈.#.....
.....≈≈≈≈≈≈≈≈≈≈.#.≈≈≈≈≈≈≈........
≈≈...≈.≈≈≈≈≈≈≈≈.....≈≈≈≈≈≈≈......


You could see a frost giant.

Vanquished Creatures
  Bai Suzhen (Shoals:3)
  Nikola (Shoals:3)
  Arachne (Spider:2)
  3 emperor scorpions (Spider:3)
  2 ghost moths (Spider:3)
  An entropy weaver (Spider:3)
  2 dire elephants (Lair:6)
  2 spark wasps (Spider:3)
  4 merfolk javelineers (Shoals:3)
  5 merfolk impalers (Shoals:3)
  Snorg (D:10)
  Erolcha (D:10)
  Fannar (Lair:1)
  9 hydras
  3 centaur warriors
  An anaconda (Lair:6)
  14 two-headed ogres
  An alligator snapping turtle (Shoals:3)
  3 merfolk avatars (Shoals:3)
  A satyr (Lair:3)
  An alligator (Lair:6)
  5 ogre magi
  Nergalle (Orc)
  Sonja (D:12)
  5 skeletal warriors
  3 sea snakes (Shoals:3)
  A flayed ghost (D:12)
  7 harpies
  A necromancer (D:12)
  2 wolf spider zombies
  15 orb spiders
  2 cyclopes
  3 ugly things
  An orc knight (Orc)
  An orc sorcerer (Orc)
  3 fauns
  A frost giant zombie (D:12)
  A fire giant zombie (D:12)
  5 manticores
  26 wolf spiders
  3 moths of wrath
  6 black mambas
  6 centaur zombies
  20 elephants
  3 water nymphs
  7 centaur skeletons
  A merfolk siren (Lair:3)
  A gargoyle (D:12)
  10 cane toads
  2 kobold demonologists (D:11)
  11 demonic crawlers
  A freezing wraith (D:12)
  2 yaktaurs (D:12)
  2 rime drakes (Lair:2)
  An efreet (D:11)
  6 komodo dragons
  6 trolls
  3 meliai (D:11)
  9 hornets
  3 polar bears
  22 jumping spiders
  2 wind drakes (Shoals:3)
  8 merfolk
  5 slime creatures (D:11)
  7 dream sheep (Lair:6)
  10 blink frogs
  6 hippogriffs
  7 snapping turtles
  29 tarantellas
  A wraith (D:11)
  45 redbacks
  A spriggan skeleton (D:12)
  A water elemental (Shoals:2)
  2 wyverns
  A shadow (D:10)
  4 hogs (D:9)
  53 yaks
  3 basilisks
  A human (D:9)
  3 vampire mosquitoes (D:11)
  Menkaure (D:5)
  A tengu zombie (D:12)
  Edmund (D:5)
  15 water moccasins
  13 porcupines
  A swamp drake (Lair:6)
  3 sky beasts
  2 hornet zombies
  4 ice beasts
  14 orc warriors
  3 black bears
  2 necrophages
  8 wolves (Lair:2)
  21 ogres
  9 centaurs
  10 crocodiles
  Blork the orc (D:5)
  A big kobold (D:10)
  13 bullfrogs
  3 scorpions
  17 killer bees
  18 wights
  2 electric eels
  2 vampire bats (D:9)
  4 crimson imps
  2 howler monkeys
  3 bullfrog zombies
  13 hounds
  A bullfrog skeleton (D:7)
  4 jellies
  15 orc priests
  14 orc wizards
  5 iguanas
  Jessica (D:2)
  Terence (D:2)
  10 worker ants
  A howler monkey skeleton (D:4)
  A howler monkey zombie (D:9)
  8 adders
  3 shadow imps
  2 oozes
  An adder zombie (D:8)
  A worm (D:4)
  3 dart slugs
  4 leopard geckos
  71 orcs
  4 bats
  A bat skeleton (D:9)
  5 bat zombies (D:9)
  3 giant cockroaches
  5 goblins
  4 hobgoblins
  11 jackals
  3 quokkas
  A ball python (D:1)
  4 frilled lizards
  14 kobolds
  A leopard gecko zombie (D:5)
  5 rats
  A fungus (Lair:5)
  11 plants
  2 withered plants (D:12)
864 creatures vanquished.

Vanquished Creatures (others)
  A redback (Spider:1)
  6 fungi
  4 plants
11 creatures vanquished.

Grand Total: 875 creatures vanquished

Notes
Turn   | Place    | Note
-------+----------+-------------------------------------------
     0 | D:1      | EnegeticOcto the Minotaur Sloth Apostle began the quest for
                  | the Orb.
     0 | D:1      | Reached XP level 1. HP: 18/18 MP: 1/1
   252 | D:1      | Reached XP level 2. HP: 23/25 MP: 2/2
   579 | D:1      | Reached * piety under Cheibriados
   579 | D:1      | Reached skill level 3 in Axes
   628 | D:1      | Reached skill level 1 in Armour
   722 | D:1      | Reached skill level 1 in Dodging
   722 | D:1      | Reached XP level 3. HP: 28/30 MP: 3/3
   975 | D:2      | Noticed Jessica
   981 | D:2      | Killed Jessica
  1045 | D:2      | Reached XP level 4. HP: 11/38 MP: 0/4
  1048 | D:2      | Reached skill level 4 in Axes
  1375 | D:2      | Noticed Terence
  1386 | D:2      | Killed Terence
  1386 | D:2      | Reached XP level 5. HP: 33/45 MP: 5/5
  2122 | D:2      | Reached ** piety under Cheibriados
  2157 | D:2      | Found a hide-covered altar of Uskayaw.
  2635 | D:3      | Found a sparkling altar of Nemelex Xobeh.
  2714 | D:3      | Found a runed translucent door.
  2716 | D:3      | Noticed Banto's ghost (amateur DWRg)
  2840 | D:3      | Found a deep blue altar of Sif Muna.
  2840 | D:3      | Found a stormy altar of Qazlal.
  3007 | D:4      | Noticed an ice beast
  3018 | D:4      | Killed an ice beast
  3018 | D:4      | Reached skill level 5 in Axes
  3018 | D:4      | Reached XP level 6. HP: 44/52 MP: 6/6
  3166 | D:4      | Got an opalescent robe
  3236 | D:4      | Noticed a sky beast
  3247 | D:4      | Killed a sky beast
  3482 | D:4      | Found a corrupted altar of Lugonu.
  3751 | D:4      | Found a snail-covered altar of Cheibriados.
  3831 | D:5      | Entered Level 5 of the Dungeon
  3857 | D:5      | Reached XP level 7. HP: 54/60 MP: 7/7
  3925 | D:5      | Reached skill level 6 in Axes
  4023 | D:5      | Found a staircase to the Ecumenical Temple.
  4059 | D:5      | Reached skill level 5 in Fighting
  4082 | D:5      | Reached skill level 5 in Shields
  4246 | D:5      | Reached XP level 8. HP: 68/68 MP: 8/8
  4274 | D:5      | Reached skill level 7 in Axes
  4294 | D:5      | Noticed Menkaure
  4301 | D:5      | Killed Menkaure
  4378 | D:5      | Noticed Blork the orc
  4385 | D:5      | Killed Blork the orc
  4476 | D:5      | Reached *** piety under Cheibriados
  4516 | D:5      | Reached skill level 8 in Axes
  4538 | D:5      | Noticed Edmund
  4559 | D:5      | Killed Edmund
  4559 | D:5      | Reached skill level 5 in Armour
  5120 | D:6      | Reached skill level 5 in Dodging
  5120 | D:6      | Reached XP level 9. HP: 67/75 MP: 9/9
  5159 | D:6      | Noticed a troll
  5169 | D:6      | Killed a troll
  5179 | D:6      | Reached skill level 9 in Axes
  5339 | D:6      | Reached **** piety under Cheibriados
  6242 | D:7      | Reached skill level 1 in Invocations
  6364 | D:7      | Noticed a seven-headed hydra
  6366 | D:7      | Reached skill level 10 in Axes
  6373 | D:7      | Killed a ten-headed hydra
  6373 | D:7      | Reached XP level 10. HP: 38/86 MP: 10/10
  6374 | D:7      | Reached ***** piety under Cheibriados
  7265 | D:7      | Found a staircase to the Lair.
  7362 | D:8      | Reached skill level 11 in Axes
  8406 | D:8      | Found a hazy altar of Hepliaklqana.
  8538 | D:9      | Reached skill level 12 in Axes
  8538 | D:9      | Reached XP level 11. HP: 93/95 MP: 13/13
  8728 | D:9      | Found a radiant altar of Vehumet.
  8732 | D:9      | Found an ornate altar of the Wu Jian Council.
  8858 | D:9      | Found an ancient bone altar of Kikubaaqudgha.
  8910 | D:9      | Noticed a green ugly thing
  8919 | D:9      | Killed a green ugly thing
  9111 | D:9      | Reached skill level 5 in Invocations
  9398 | D:10     | Entered Level 10 of the Dungeon
  9398 | D:10     | Noticed a green ugly thing
  9404 | D:10     | Killed a green ugly thing
  9465 | D:10     | Noticed a two-headed ogre
  9473 | D:10     | Killed a two-headed ogre
  9473 | D:10     | Reached skill level 13 in Axes
  9710 | D:10     | Noticed Snorg
  9717 | D:10     | Killed Snorg
  9743 | D:10     | Reached XP level 12. HP: 46/106 MP: 9/15
  9743 | D:10     | Reached skill level 10 in Fighting
  9923 | D:10     | Found a staircase to the Orcish Mines.
 10528 | D:10     | Found Gajualoe's Jewellery Shoppe.
 10536 | D:10     | Bought an uncursed ring of poison resistance for 280 gold
                  | pieces
 10628 | D:10     | Noticed Erolcha
 10636 | D:10     | Killed Erolcha
 10636 | D:10     | Reached skill level 14 in Axes
 10636 | D:10     | Reached skill level 10 in Armour
 10931 | Lair:1   | Entered Level 1 of the Lair of Beasts
 10958 | Lair:1   | Noticed Fannar
 10966 | Lair:1   | Killed Fannar
 12772 | Lair:2   | Reached XP level 13. HP: 115/116 MP: 17/17
 12848 | Lair:2   | Reached skill level 15 in Axes
 13079 | Lair:3   | Reached skill level 10 in Dodging
 13468 | Lair:3   | Reached ****** piety under Cheibriados
 13510 | Lair:3   | Found a staircase to the Shoals.
 13634 | Lair:3   | Found a large runed translucent door.
 13634 | Lair:3   | Found a large runed translucent door.
 13638 | Lair:3   | Noticed MisterOstroum's ghost (journeyman FoAc)
 14552 | Lair:4   | Found a hole to the Spider Nest.
 15603 | Lair:4   | Found the +8 whip "Snakebite" {curare, rPois}
 15821 | Lair:4   | Reached skill level 16 in Axes
 16070 | Lair:5   | Found a runed translucent door.
 16071 | Lair:5   | Noticed Hairutzoic's ghost (journeyman MiBe)
 16775 | Lair:6   | Entered Level 6 of the Lair of Beasts
 16783 | Lair:6   | Reached XP level 14. HP: 78/126 MP: 19/19
 16946 | Lair:6   | Got a dazzling scale mail
 16957 | Lair:6   | Identified the +2 scale mail of Xom's Whim {rC+ rCorr Int+4
                  | Dex-4} (You found it on level 6 of the Lair of Beasts)
 17460 | Lair:6   | Found a runed door.
 17461 | Lair:6   | Found a viscous altar of Jiyva.
 17462 | Lair:6   | Noticed an acid blob
 17463 | Lair:6   | Found a staircase to the Slime Pits.
 17780 | Lair:6   | Noticed an acid blob
 18601 | Orc      | Entered the Orcish Mines
 18613 | Orc      | Noticed Nergalle
 18627 | Orc      | Killed Nergalle
 18953 | Orc      | Found a staircase to the Elven Halls.
 18981 | Orc      | Found Uckyex's Assorted Antiques.
 18984 | Orc      | Reached skill level 17 in Axes
 19022 | Orc      | Paralysed by an ogre mage for 2 turns
 19075 | Orc      | Found Vopych's Weapon Emporium.
 19075 | Orc      | Found Ytynu's Assorted Antiques.
 19109 | Orc      | Bought a scroll labeled DEAPHE TECITZ for 25 gold pieces
 19293 | Orc      | Found Jeerim's Antique Armour Shoppe.
 19293 | Orc      | Found Inuped's Jewellery Shop.
 19301 | Orc      | Bought the +8 frozen axe "Frostbite" {freezing cloud,
                  | *Noise +Fly rC+} for 1200 gold pieces
 19301 | Orc      | Found the +8 frozen axe "Frostbite" {freezing cloud, *Noise
                  | +Fly rC+}
 19858 | D:11     | Found Pataic's Distillery.
 20031 | Orc      | Bought a fine silver amulet for 150 gold pieces
 20031 | Orc      | Identified the amulet "Ymnuirri" {RegenMP rElec rC+ Int-3}
                  | (You bought it in a shop in the Orcish Mines)
 20117 | D:11     | Reached XP level 15. HP: 136/136 MP: 21/21
 20663 | D:12     | Entered Level 12 of the Dungeon
 20669 | D:12     | Noticed Sonja
 20676 | D:12     | Found a staircase to the Depths.
 20686 | D:12     | Killed Sonja
 20686 | D:12     | Reached skill level 10 in Invocations
 20699 | D:12     | Reached skill level 18 in Axes
 21030 | D:12     | Found a gate to the Vaults.
 22058 | Spider:1 | Entered Level 1 of the Spider Nest
 22366 | Spider:1 | Identified 3 scrolls of acquirement
 22376 | Spider:1 | Got a pair of fine gloves
 22387 | Spider:1 | Identified the +0 pair of gloves "Uzxulyd" {rC++ rCorr
                  | Str-3 Slay+2} (You acquired it on level 1 of the Spider
                  | Nest)
 24193 | Spider:2 | Noticed Arachne
 24203 | Spider:2 | Killed Arachne
 24203 | Spider:2 | Reached skill level 19 in Axes
 24203 | Spider:2 | Reached XP level 16. HP: 111/146 MP: 23/23
 25002 | Spider:3 | Entered Level 3 of the Spider Nest
 27665 | Spider:3 | Got a gossamer rune of Zot
 27881 | Shoals:1 | Entered Level 1 of the Shoals
 28443 | Shoals:3 | Entered Level 3 of the Shoals
 28450 | Shoals:3 | Reached skill level 20 in Axes
 28987 | Shoals:3 | Noticed Bai Suzhen
 28990 | Shoals:3 | Reached skill level 15 in Fighting
 29007 | Shoals:3 | Killed Bai Suzhen
 29007 | Shoals:3 | Reached XP level 17. HP: 85/156 MP: 24/24
 29030 | Shoals:3 | Noticed Nikola
 29046 | Shoals:3 | Killed Nikola
 29355 | Shoals:3 | Identified the ring of Jerihil {rCorr rF- rC+ Dex+3}
 29939 | Shoals:3 | Reached skill level 15 in Armour
 29978 | Shoals:3 | HP: 4/156 [merfolk javelineer/silver javelin (13)]
 30110 | Shoals:3 | Slain by a frost giant

Skill      XL: |  1  2  3  4  5  6  7  8  9 10 11 12 13 14 15 16 17 |
---------------+----------------------------------------------------+-----
Axes           | 3 4 5 6 8 10 12 13 14 16 17 19 20 | 20.4
Armour         | 1 2 3 4 5 6 8 9 10 11 12 13 14 15 | 15.0
Dodging        | 1 2 3 5 6 7 8 9 10 11 12 13 | 13.9
Fighting       | 3 4 5 6 7 8 9 11 12 13 14 15 | 15.2
Shields        | 3 4 5 6 |  6.6
Invocations    | 2 4 5 7 8 9 10 11 12 | 12.0
Stealth        | |  2.6
Spellcasting   | |  1.0
Hexes          | |  0.5
Evocations     | |  0.8

Action                   |  1- 3 |  4- 6 |  7- 9 | 10-12 | 13-15 | 16-18 || total
-------------------------+-------+-------+-------+-------+-------+-------++-------
Melee: Hand axe          |    64 |   146 |   167 |       |       |       ||   377
       Headbutt          |    10 |    36 |    73 |   106 |   219 |    98 ||   542
       Battleaxe         |       |       |    50 |   327 |   369 |       ||   746
       Executioner's axe |       |       |       |       |   274 |   297 ||   571
Invok: Bend Time         |     1 |       |       |       |       |       ||     1
       Slouch            |       |       |       |     9 |    19 |    11 ||    39
       Temporal Distorti |       |       |       |     1 |     1 |    10 ||    12
Evoke: Wand              |       |       |     2 |       |     5 |     9 ||    16
  Use: Scroll            |       |     7 |     4 |     9 |    12 |     3 ||    35
       Potion            |       |       |       |       |     1 |     9 ||    10
 Stab: Sleeping          |     2 |       |       |       |       |       ||     2
       Paralysed         |       |       |     4 |       |       |       ||     4
       Invisible         |       |       |       |       |       |     3 ||     3
  Eat: Chunk             |       |     4 |     4 |    12 |    19 |     2 ||    41
       Ration            |       |       |       |       |     1 |     5 ||     6
Armor: Robe              |    13 |       |       |       |       |       ||    13
       Plate armour      |     6 |    75 |    92 |   189 |   402 |   263 ||  1027
       Ring mail         |     1 |       |       |       |       |       ||     1
Dodge: Dodged            |    32 |    20 |    75 |   306 |   754 |   429 ||  1616
Block: Shield            |    32 |    77 |    71 |       |       |       ||   180
